 Dungeon Crawl Stone Soup version 0.31.0-11-ge490571c62 (webtiles) character file.

Game seed: 12213762515321099788

1954 Gadfly the Insei (level 8, -9/61 HPs)
             Began as a Demonspawn Monk on Jan 28, 2024.
             Was a Follower of Ru.
             Mangled by a yak (12 damage)
             ... on level 6 of the Dungeon.
             The game lasted 00:09:00 (6167 turns).

Gadfly the Insei (Demonspawn Monk)                  Turns: 6167, Time: 00:09:00

Health: -9/61      AC: 11    Str: 20    XL:     8   Next: 99%
Magic:  8/8        EV: 14    Int: 11    God:    Ru [*.....]
Gold:   582        SH:  0    Dex: 15    Spells: 7/7 levels left

rFire   . .          .
                       - Unarmed
rCold   . . .        c - orb {light}
rNeg    . . .        a - +1 robe
rPois   .            (helmet restricted)
rElec   .            (no cloak)
rCorr   .            v - +2 pair of gloves
SInv    .            g - +0 pair of boots
Will    .....        d - amulet of faith
Stlth   +            q - +4 ring of protection
HPRegen 0.30/turn    x - +6 ring of strength
MPRegen 0.11/turn

%: faith
@: glowing
A: antennae 1, demonic guardian 2, weak-willed 1
a: Renounce Religion


You were on level 6 of the Dungeon.
You worshipped Ru.
Ru was aware of your devotion.
You visited 2 branches of the dungeon, and saw 7 of its levels.
You also visited: Ossuary.

You collected 582 gold pieces.

Inventory:

Hand Weapons
 b - a +1 short sword of freezing
 w - a +1 vampiric war axe
Armour
 a - a +1 robe (worn)
 c - an orb of light (worn)
 g - a +0 pair of boots (worn)
 v - a +2 pair of gloves (worn)
Jewellery
 d - an amulet of faith (around neck)
 q - a +4 ring of protection (left hand)
 s - a ring of protection from fire
 x - a +6 ring of strength (right hand)
 G - the ring of Midsummer {rPois rN+ Will+ AC+4}
   (You found it on level 6 of the Dungeon)

   [ring of protection]

   AC+4:      It affects your AC (+4).
   rPois:     It protects you from poison rN+: It protects you from negative
   energy.
   Will+:     It increases your willpower.
Talismans
 f - a maw talisman
Wands
 m - a wand of quicksilver (7)
 y - a wand of flame (23) (quivered)
 D - a wand of iceblast (7)
 E - a wand of mindburst (7)
Scrolls
 j - a scroll of brand weapon
 n - a scroll of enchant armour
 p - a scroll of identify
 r - a scroll of blinking
 u - a scroll of teleportation
 B - a scroll of vulnerability
 C - 2 scrolls of fear
 F - a scroll of torment
Potions
 e - 2 potions of ambrosia
 h - 7 potions of curing
 i - 3 potions of cancellation
 k - 4 potions of lignification
 l - 3 potions of heal wounds
 o - 6 potions of might
 t - a potion of resistance
 z - a potion of enlightenment
 A - a potion of mutation


   Skills:
 + Level 4.3 Fighting
 * Level 5.5 Dodging
 * Level 5.6 Unarmed Combat
 + Level 5.1 Evocations
 * Level 5.0 Shapeshifting


You had 7 spell levels left.
You didn't know any spells.
Your spell library contained the following spells:

 Spells                   Type           Power      Damage    Failure   Level
 Kiss of Death            Conj/Necr      0%         2d5       34%         1
 Mercury Vapours          Alch/Air       0%         N/A       47%         2
 Confusing Touch          Hex            0%         N/A       71%         3
 Inner Flame              Hex/Fire       0%         N/A       71%         3
 Mephitic Cloud           Conj/Alch/Air  0%         N/A       71%         3
 Dispel Undead            Necr           0%         3d6       98%         4
 Freezing Cloud           Conj/Ice/Air   0%         6-21      100%        5
 Irradiate                Conj/Alch      0%         3d11      100%        5
 Ignition                 Fire           0%         3d3       100%        8


Dungeon Overview and Level Annotations

Branches:
Dungeon (6/15)             Temple (1/1) D:5         Ossuary (visited)

Altars:
Ashenzari
Cheibriados
Dithmenos
Fedhas
Hepliaklqana
Kikubaaqudgha
Makhleb
Nemelex Xobeh
Okawaru
Qazlal
Ru
Sif Muna
Uskayaw
Vehumet
Yredelemnul


Innate Abilities, Weirdness & Mutations

You have a pair of small antennae on your head.
A demonic guardian rushes to your aid.
You are slightly weak-willed. (Will-)


Message History

The yak dies!
Your Shapeshifting skill increases to level 5!
Your hellwing hits the yak. x2
The yak gores your hellwing but does no damage.
Your hellwing hits the yak.
Your hellwing hits the yak but does no damage.
The yak gores your hellwing but does no damage.
Your hellwing hits the yak! Your hellwing hits the yak.
The yak gores your hellwing.
You swap places.
The yak misses you.
You hit the yak.
The yak is severely wounded.
The yak gores you!
You hit the yak.
The yak is severely wounded.
The yak gores you but does no damage.
You punch the yak!
The yak is almost dead.
The yak gores you but does no damage.
You hit the yak.
You kill the yak!
You hit the yak.
The yak is lightly wounded.
Your hellwing disappears in a puff of smoke!
The yak gores you.
* * * LOW HITPOINT WARNING * * *
You hit the yak.
The yak is lightly wounded.
You punch the yak!
The yak is moderately wounded.
The yak gores you.
* * * LOW HITPOINT WARNING * * *
The yak gores you!
* * * LOW HITPOINT WARNING * * *
A demonic guardian appears!
You swap places.
Your rust devil hits the yak!
Your rust devil corrodes the yak!
The yak completely misses your rust devil.
You swap places.
The yak gores you!
You die...

### #############.#
#...†.Y@4.....#
#.###########.# .
#.# .##.# # { {
..#.# ######
######### #.#.#
.....# #.......#
#.#.# .....#
#.#####.#
#.#.##########
.....####.#
#.####.#...........


You could see a yak (corroded, ally target) and a friendly rust devil
(summoned).

Vanquished Creatures
  Sigmund (D:3)
  A yak (D:6)
  A black bear (D:6)
  An ogre (D:6)
  4 scorpions (D:6)
  3 hounds
  A jelly (D:3)
  A sleepcap (D:6)
  4 iguanas
  6 mummies (Ossuary)
  3 adders
  A white imp (D:6)
  A ribbon worm (D:5)
  The ghost of Skryme the Sneak, a weakling HuDe (D:5)
  4 dart slugs
  4 orcs
  8 ball pythons
  4 bats
  3 endoplasms
  6 giant cockroaches
  4 goblins
  4 hobgoblins
  9 jackals
  5 kobolds
  3 quokkas
  2 frilled lizards
  2 hobgoblin zombies (Ossuary)
  A kobold zombie (Ossuary)
  2 orc zombies (Ossuary)
  5 rats
95 creatures vanquished.

Vanquished Creatures (collateral kills)
  3 yaks (D:6)
  An ogre (D:6)
  2 bullfrogs (D:6)
  A bombardier beetle (D:4)
  An iguana (D:5)
  An orc wizard (D:3)
  2 mummies (Ossuary)
  3 gnolls (D:4)
  An adder (D:2)
  A ribbon worm (D:4)
  An orc (D:3)
  An endoplasm (D:4)
  A gnoll zombie (Ossuary)
  A hobgoblin (D:2)
  A quokka (D:4)
  2 ball pythons (D:3)
  2 bats (D:2)
  A hobgoblin zombie (Ossuary)
  2 kobolds
  A kobold zombie (Ossuary)
  A rat (D:2)
30 creatures vanquished.

Grand Total: 125 creatures vanquished

Notes
Turn   | Place    | Note
-------+----------+-------------------------------------------
     0 | D:1      | Gadfly the Demonspawn Monk began the quest for the Orb.
     0 | D:1      | Reached XP level 1. HP: 18/18 MP: 1/1
    85 | D:1      | Gained mutation: A weak demonic guardian rushes to your
                  | aid. [demonic ancestry]
    85 | D:1      | Reached XP level 2. HP: 21/24 MP: 2/2
   128 | D:1      | Reached skill level 1 in Evocations
   296 | D:1      | Reached skill level 1 in Shapeshifting
   483 | D:1      | Reached XP level 3. HP: 29/29 MP: 3/3
  1244 | D:2      | Reached XP level 4. HP: 35/35 MP: 4/4
  1543 | D:3      | Reached XP level 5. HP: 25/41 MP: 5/5
  1885 | D:3      | Noticed Sigmund
  1900 | D:3      | Killed Sigmund
  1901 | D:3      | Gained mutation: A demonic guardian rushes to your aid.
                  | [demonic ancestry]
  1901 | D:3      | Reached XP level 6. HP: 37/47 MP: 6/6
  3138 | D:5      | Entered Level 5 of the Dungeon
  3293 | D:5      | Gained mutation: You have a pair of small antennae on your
                  | head. [demonic ancestry]
  3293 | D:5      | Reached XP level 7. HP: 52/52 MP: 7/7
  3293 | D:5      | Found a staircase to the Ecumenical Temple.
  3356 | Temple   | Entered the Ecumenical Temple
  3398 | Temple   | Became a worshipper of Ru the Awakened
  3405 | Temple   | Gained mutation: You are slightly weak-willed. (Will-) [Ru
                  | sacrifice]
  3405 | Temple   | Reached * piety under Ru
  3930 | D:5      | Found a large runed translucent door.
  3930 | D:5      | Found a large runed translucent door.
  3932 | D:5      | Noticed Skryme's ghost (weakling HuDe)
  4126 | D:5      | HP: 2/52 [iguana (11)]
  4633 | D:5      | Killed Skryme's ghost
  5026 | D:6      | Found an ancient bone altar of Kikubaaqudgha.
  5270 | D:6      | Found a sand-covered staircase.
  5276 | Ossuary  | Entered an ossuary
  5847 | D:6      | Reached XP level 8. HP: 49/59 MP: 8/8
  5861 | D:6      | Reached skill level 5 in Unarmed Combat
  6083 | D:6      | Reached skill level 5 in Dodging
  6117 | D:6      | Identified the ring of Midsummer {rPois rN+ Will+ AC+4}
  6149 | D:6      | Reached skill level 5 in Evocations
  6153 | D:6      | Reached skill level 5 in Shapeshifting
  6165 | D:6      | HP: 3/61 [yak (12)]
  6167 | D:6      | Mangled by a yak

Illustrated notes

Levels and vault maps discovered:
D:1:      lemuel_arrival_cross, layout_basic
D:2:      layout_rooms, st_stairs_11, minmay_domino_4
D:3:      layout_loops_ring, uniq_sigmund
D:4:      layout_rooms
D:5:      layout_loops_ring, minmay_temple_entry_grid,
          ebering_ghost_disaster_area, kennysheep_boxes
D:6:      layout_basic, chequers_temple_overflow_statue_of_worship,
          enter_ossuary_3, minmay_circle_x
Temple:   regret_index_temple_generic_petals

Skill      XL: |  1  2  3  4  5  6  7  8 |
---------------+-------------------------+-----
Evocations     | 1 2 3 4 5 |  5.1
Shapeshifting  | 1 2 3 4 5 |  5.0
Dodging        | 3 4 5 |  5.5
Unarmed Combat | 3 4 5 |  5.6
Fighting       | 4 |  4.3

Action                     |  1- 3 |  4- 6 |  7- 9 || total
---------------------------+-------+-------+-------++-------
  Melee: Unarmed           |   143 |    42 |    94 ||   279
         Short sword       |       |    73 |   161 ||   234
 Invoke: Sacrifice Essence |       |       |     1 ||     1
  Evoke: Wand              |       |       |     5 ||     5
    Use: Scroll            |     5 |    11 |     6 ||    22
         Potion            |       |       |     1 ||     1
   Stab: Distracted        |       |       |     1 ||     1
 Armour: Robe              |    65 |    61 |   129 ||   255
         Skin              |       |       |     4 ||     4
  Dodge: Dodged            |   132 |    97 |   145 ||   374
